 Dungeon Crawl Stone Soup version 0.27.0-1-g7a089689b8 (webtiles) character file.

Game seed: 9087747115701737426

17 Spectrina the Ducker (level 2, -5/18 HPs)
             Began as a Deep Elf Monk on Aug 7, 2021.
             Killed from afar by Ijyb (23 damage)
             ... with a bolt of acid
             ... on level 3 of the Dungeon.
             The game lasted 00:02:19 (399 turns).

Spectrina the Ducker (Deep Elf Monk)                 Turns: 399, Time: 00:02:19

Health: -5/18      AC:  2    Str:  8    XL:     2   Next: 44%
Magic:  8/8        EV: 13    Int: 20    God:
Gold:   36         SH:  0    Dex: 17    Spells: 7/7 levels left

rFire    . . .     SeeInvis .   a - +0 dagger (venom)
rCold    . . .     Faith    .   (no shield)
rNeg     . . .     Spirit   .   i - +0 robe
rPois    .         Reflect  .   (no helmet)
rElec    .         Harm     .   (no cloak)
rCorr    .         Rampage  .   (no gloves)
Will     .....                  (no boots)
Stlth    ++........             (no amulet)
HPRegen  0.06/turn              f - +6 ring of intelligence
MPRegen  0.11/turn              g - ring of flight

@: flying
A: no striking features
a: no special abilities


You were on level 3 of the Dungeon.
You visited 1 branch of the dungeon, and saw 3 of its levels.

You collected 36 gold pieces.

Inventory:

Hand Weapons
 a - a +0 dagger of venom (weapon)
 b - a +0 spectral quarterstaff
 c - a +0 short sword
Missiles
 e - 15 stones (quivered)
Armour
 i - a +0 robe (worn)
Jewellery
 f - a +6 ring of intelligence (left hand)
 g - a ring of flight (right hand)
Scrolls
 d - 2 scrolls of teleportation {unknown}
Potions
 h - 2 potions of heal wounds


   Skills:
 - Level 2.4 Fighting
 - Level 3.0 Short Blades
 - Level 3.6 Dodging
 - Level 2.4 Stealth
 + Level 3.0 Spellcasting


You had 7 spell levels left.
You didn't know any spells.
Your spell library was empty.

Dungeon Overview and Level Annotations

Branches:
Dungeon (3/15)

Altars:
Cheibriados

Annotations:
D:3 Ijyb


Message History

There is a stone staircase leading down here.
You fly downwards.
A giant cockroach comes into view.
Found a smoky green potion.
There is a stone staircase leading up here.
You barely miss the giant cockroach. The giant cockroach barely misses you.
You hit the giant cockroach but do no damage.
The giant cockroach is poisoned.
The giant cockroach bites you.
You barely miss the giant cockroach.
The giant cockroach is heavily wounded.
The giant cockroach bites you but does no damage.
You kill the giant cockroach!
Your Spellcasting skill increases to level 3!
There is a stone staircase leading up here.
Found 12 gold pieces.
Unknown command.
A bat comes into view.
The bat hits you.
You see here a smoky green potion.
You hit the bat.
The bat is poisoned.
The bat is severely wounded.
You kill the bat!
h - 3 smoky green potions (gained 1)
Found 12 gold pieces.
You now have 24 gold pieces (gained 12).
Found a robe.
A hobgoblin comes into view.
You now have 36 gold pieces (gained 12).
An adder comes into view.
A worm comes into view.
Found a stone staircase leading up.
Found a stone staircase leading down.
Ijyb the Twisted Goblin comes into view.
She is wielding a +0 dagger and carrying a wand of acid (11).
It was a potion of heal wounds.
You feel much better.
Okay, then.
Ijyb shouts!
You hear a shout!
You hit Ijyb but do no damage.
Ijyb is poisoned.
Ijyb zaps a wand.
The bolt of acid hits you!!
Ouch! That really hurt!
You die...

.....## ......# ......##
.......# ##### .....#.
#...## .<...#. #.#..## .
.....#.# #.##..# ##...
#.#..#.####.###.##......
#.#....^##..###.@g....#
#.##.........##....####
......................
#.##..................#
..##..................#
.........###.>........#
#..#..................#
......#w..............#
#.##.......###.....


You could see Ijyb (very poisoned).

Vanquished Creatures
  An adder (D:2)
  2 giant cockroaches
  A goblin (D:1)
  3 kobolds
  A bat (D:3)
8 creatures vanquished.

Notes
Turn   | Place    | Note
-------+----------+-------------------------------------------
     0 | D:1      | Spectrina the Deep Elf Monk began the quest for the Orb.
     0 | D:1      | Reached XP level 1. HP: 13/13 MP: 3/3
    94 | D:1      | Reached skill level 1 in Spellcasting
   279 | D:2      | Found a snail-covered altar of Cheibriados.
   295 | D:2      | Reached XP level 2. HP: 6/18 MP: 5/7
   384 | D:3      | Noticed Ijyb
   399 | D:3      | Killed from afar by Ijyb

Illustrated notes

Levels and vault maps discovered:
D:1:      kilobyte_arrival_exit_the_forest, layout_rooms,
          dreamdust_ecumenical_altar_sealed_demon
D:2:      layout_basic, basic_altar
D:3:      layout_rooms, uniq_ijyb

Skill      XL: |  1  2 |
---------------+-------+-----
Spellcasting   | 2 3 |  3.0
Fighting       | |  2.4
Short Blades   | |  3.0
Dodging        | |  3.6
Stealth        | |  2.4

Action                   || total
-------------------------++-------
Melee: Dagger            ||    15
       Short sword       ||     6
  Use: Potion            ||     1
 Stab: Sleeping          ||     2
Armor: Robe              ||     3
Dodge: Dodged            ||     7
